 Dungeon Crawl Stone Soup version 0.26-a0-487-gbff1e92059 (webtiles) character file.

Game seed: 10035843293168548002

3512 Infinimo the Destroyer (level 10, -1/58 HPs)
             Began as a Tengu Fire Elementalist on Aug 1, 2020.
             Was an Initiate of Gozag.
             Slain by a killer bee (9 damage)
             ... on level 8 of the Dungeon on Aug 2, 2020.
             The game lasted 00:10:06 (11419 turns).

Infinimo the Destroyer (Tengu Fire Elementalist)   Turns: 11419, Time: 00:10:07

Health: -1/58      AC:  4    Str:  9    XL:     10   Next: 8%
Magic:  19/19      EV: 15    Int: 18    God:    Gozag
Gold:   1210       SH:  0    Dex: 15    Spells: 9/19 levels left

rFire    + . .     SeeInvis .   f - +12 trident "Ipeas" {freeze, +Blink rElec rF+ rC++}
rCold    + + .     Faith    .   (no shield)
rNeg     . . .     Spirit   .   a - +1 robe
rPois    .         Reflect  .   (helmet restricted)
rElec    +         Harm     .   (no cloak)
rCorr    .                      n - +0 pair of gloves
MR       .....                  (boots unavailable)
Stlth    ++........             (no amulet)
HPRegen  0.19/turn              (no ring)
MPRegen  0.16/turn              (no ring)

@: flying quickly and evasively, quick
A: beak, talons 3, able to fly
a: Stop Flying, Potion Petition, Call Merchant, Bribe Branch, Renounce Religion,
Evoke Blink


You were on level 8 of the Dungeon.
You worshipped Gozag.
Gozag was most pleased with you.
You visited 2 branches of the dungeon, and saw 9 of its levels.

You collected 1319 gold pieces.
You paid 109 gold pieces to Gozag.

Inventory:

Hand Weapons
 f - the +12 trident "Ipeas" (weapon) {freeze, +Blink rElec rF+ rC++}
   (You found it on level 6 of the Dungeon)

   It has been specially enchanted to freeze those struck by it, causing extra
   injury to most foes and up to half again as much damage against particularly
   susceptible opponents.
   It can also slow down cold-blooded creatures.
   It protects you from fire.
   It greatly protects you from cold.
   It insulates you from electricity.
   It lets you blink.
Armour
 a - a +1 robe (worn)
 n - a +0 pair of gloves (worn)
 v - a +0 buckler
Jewellery
 c - an uncursed ring of wizardry {unknown}
 q - a cursed ring of teleportation {unknown}
Wands
 b - a wand of digging (4)
 r - a wand of clouds (6)
Scrolls
 h - 2 scrolls of identify
 i - a scroll of immolation
 j - 2 scrolls of enchant weapon
 o - 7 scrolls of remove curse
 p - 2 scrolls of fog
Potions
 d - 4 potions of cancellation
 l - a potion of might
 m - 2 potions of flight
 s - 2 potions of magic
 x - a potion of berserk rage {unknown}


   Skills:
 + Level 4.4 Fighting
 - Level 2.1 Dodging
 - Level 2.0 Stealth
 * Level 3.1 Shields
 + Level 5.4 Spellcasting
 * Level 10.5 Conjurations
 * Level 9.5 Fire Magic


You had 9 spell levels left.
You knew the following spells:

 Your Spells              Type           Power        Failure   Level
a - Foxfire               Conj/Fire      ####         1%          1
b - Sticky Flame          Conj/Fire      #####...     1%          4
c - Fireball              Conj/Fire      #####.....   5%          5

Your spell library contained the following spells:

 Spells                   Type           Power        Failure   Level
 Conjure Flame            Conj/Fire      #####...     1%          3
 Inner Flame              Hex/Fire       ###.....     5%          3
 Beastly Appendage        Tmut           #.....       13%         1
 Wereblood                Tmut           #.......     19%         2
 Spider Form              Tmut/Pois      #.........   36%         3
 Ice Form                 Ice/Tmut       #.......     77%         4
 Blade Hands              Tmut           #.........   98%         5


Dungeon Overview and Level Annotations

Branches:
Dungeon (8/15)             Temple (1/1) D:5
   Lair: D:8-11

Altars:
Ashenzari
Cheibriados
Dithmenos
Elyvilon
Fedhas
Gozag
Hepliaklqana
Kikubaaqudgha
Makhleb
Nemelex Xobeh
Okawaru
Qazlal
Ru
Sif Muna
Uskayaw
Vehumet
Wu Jian
Xom
Yredelemnul
Zin
The Shining One

Shops:
D:7 }


Innate Abilities, Weirdness & Mutations

You have a beak for a mouth.
You have claws for feet.
You can fly continuously.


Message History

* * * LOW HITPOINT WARNING * * *
It was a potion of brilliance.
You feel clever all of a sudden.
* * * LOW HITPOINT WARNING * * *
You feel sick.
It was a potion of curing.
You feel better.
You feel yourself slow down.
Okay, then.
Unknown command.
Your magical effects are unravelling.
You feel magically purged.
Your magical contamination has completely faded away.
You feel less wooden.
Your +0 pair of gloves unmelds from your body.
Your +1 robe unmelds from your body.
You flicker back into view.
You feel a little less mighty now.
You feel a little less clever now. The killer bee stings you!
You die...
Your body crumbles into a pile of gold.

#.....# #.###.#
#.#<#.# #.#.#.#
#.#...# #.#####
#.# #.# #@#
##### #y#
#####...#####y#
.......y.yy.yy#
####...#######
#...#######
#.........#
##.(y.....#
#....y...#


You could see 4 killer bees.

Vanquished Creatures
  Pikel (D:6)
  A hippogriff (D:7)
  Sigmund (D:6)
  A water moccasin (D:4)
  3 ice beasts
  2 black bears
  A phantom (D:6)
  5 ogres
  2 lemures (D:6)
  2 necrophages
  2 centaurs
  2 bullfrogs
  4 scorpions
  A water moccasin skeleton (D:6)
  3 wights (D:6)
  A howler monkey (D:5)
  A centaur zombie (D:3)
  A bullfrog zombie (D:6)
  3 jellies
  A bullfrog skeleton (D:4)
  2 hounds
  An orc wizard (D:3)
  4 iguanas
  Ijyb (D:2)
  5 worker ants
  A killer bee zombie (D:7)
  A hound zombie (D:6)
  2 hound skeletons
  4 gnolls
  A worker ant zombie (D:7)
  9 adders
  A shadow imp (D:7)
  An ufetubus (D:5)
  2 oozes (D:1)
  2 adder skeletons
  An adder zombie (D:5)
  8 worms
  3 dart slugs
  3 leopard geckos
  10 orcs
  7 bats
  7 giant cockroaches
  8 goblins
  5 hobgoblins
  2 kobolds
  2 quokkas
  2 frilled lizards
  A quokka skeleton (D:4)
  3 rats
137 creatures vanquished.

Vanquished Creatures (others)
  719 foxfires
719 creatures vanquished.

Grand Total: 856 creatures vanquished

Notes
Turn   | Place    | Note
-------+----------+-------------------------------------------
     0 | D:1      | Infinimo the Tengu Fire Elementalist began the quest for
                  | the Orb.
     0 | D:1      | Reached XP level 1. HP: 10/10 MP: 4/4
   396 | D:1      | Reached skill level 2 in Conjurations
   396 | D:1      | Reached XP level 2. HP: 15/15 MP: 3/6
   749 | D:1      | Found a shattered altar of Ashenzari.
   882 | D:1      | Reached XP level 3. HP: 19/19 MP: 4/7
  1381 | D:2      | Reached skill level 3 in Conjurations
  1715 | D:2      | Reached XP level 4. HP: 23/24 MP: 4/8
  2717 | D:2      | Reached skill level 4 in Conjurations
  2845 | D:2      | Gained mutation: You can fly continuously. [Tengu growth]
  2845 | D:2      | Reached XP level 5. HP: 28/28 MP: 6/9
  3092 | D:3      | Found a stormy altar of Qazlal.
  3202 | D:3      | Noticed Ijyb
  3210 | D:3      | Paralysed by Ijyb for 4 turns
  3220 | D:2      | Paralysed by Ijyb for 6 turns
  3235 | D:2      | Paralysed by Ijyb for 7 turns
  3253 | D:2      | Killed Ijyb
  3253 | D:2      | Reached skill level 5 in Fire Magic
  3580 | D:3      | Found a shimmering altar of Xom.
  3580 | D:3      | Found a shimmering altar of Xom.
  3583 | D:3      | Found a shimmering altar of Xom.
  3584 | D:3      | Found a shimmering altar of Xom.
  3584 | D:3      | Found a shimmering altar of Xom.
  3637 | D:3      | Found a blossoming altar of Fedhas.
  3694 | D:3      | Reached XP level 6. HP: 32/32 MP: 6/11
  3749 | D:3      | Found a shimmering blue altar of Sif Muna.
  4012 | D:4      | Reached skill level 5 in Conjurations
  4312 | D:3      | Learned a level 4 spell: Sticky Flame
  4543 | D:4      | Noticed a phantom
  4620 | D:4      | Noticed a water moccasin
  4632 | D:4      | Killed a water moccasin
  4720 | D:4      | Reached XP level 7. HP: 35/36 MP: 9/13
  4823 | D:4      | Reached skill level 6 in Conjurations
  5088 | D:5      | Entered Level 5 of the Dungeon
  5566 | D:5      | Reached skill level 1 in Fighting
  5882 | D:5      | Reached skill level 7 in Conjurations
  6086 | D:5      | Reached XP level 8. HP: 19/43 MP: 8/14
  6332 | D:5      | Found a staircase to the Ecumenical Temple.
  6406 | D:5      | Found an ancient bone altar of Kikubaaqudgha.
  6528 | D:5      | Found a snail-covered altar of Cheibriados.
  6613 | D:5      | Found a hazy altar of Hepliaklqana.
  6979 | Temple   | Entered the Ecumenical Temple
  7580 | D:6      | Found a glowing silver altar of Zin.
  7581 | D:6      | Found an opulent altar of Gozag.
  7602 | D:6      | Got an ancient trident
  7603 | D:6      | Identified the +12 trident "Ipeas" {freeze, +Blink rElec
                  | rF+ rC++} (You found it on level 6 of the Dungeon)
  7606 | D:6      | Became a worshipper of Gozag Ym Sagoz the Greedy
  8029 | D:6      | Reached skill level 8 in Conjurations
  8373 | D:6      | Found a snail-covered altar of Cheibriados.
  8720 | D:6      | Noticed Sigmund
  8736 | D:6      | Killed Sigmund
  9020 | D:6      | Reached XP level 9. HP: 50/50 MP: 13/16
  9178 | D:6      | Noticed Pikel
  9276 | D:6      | Killed Pikel
  9276 | D:6      | Reached skill level 9 in Conjurations
  9444 | D:6      | Found a basalt altar of Yredelemnul.
  9541 | D:6      | Reached skill level 5 in Spellcasting
  9745 | D:6      | Identified a scroll of acquirement
  9745 | D:6      | Acquired 590 gold pieces
 10105 | D:7      | Reached skill level 1 in Shields
 10242 | D:7      | Reached skill level 10 in Conjurations
 10737 | D:7      | Found Utineh's Gadget Shop.
 10889 | D:7      | Reached XP level 10. HP: 57/57 MP: 15/19
 11347 | D:8      | Learned a level 5 spell: Fireball
 11358 | D:8      | Found a glowing golden altar of the Shining One.
 11416 | D:8      | HP: 3/87 [killer bee (6)]
 11419 | D:8      | Slain by a killer bee

Illustrated notes

Levels and vault maps discovered:
D:1:      dpeg_arrival_rooms_b, layout_basic, nicolae_ashenzari_panopticon
D:2:      layout_loops_cross, serial_bayou_crossing
D:3:      layout_rooms, lemuel_crystal_altar, nicolae_overflow_hidden_temple,
          xom_redecorated, nicolae_qazlal_general_emergency, uniq_ijyb
D:4:      layout_rooms
D:5:      layout_basic, kennysheep_slug_shrine, kennysheep_mini_moat,
          lemuel_coloured_pillars_altar, temple_doors_cd
D:6:      layout_basic, grunt_temple_overflow_gold_and_silver,
          general_overflow_altar, chei_slow_surprise, uniq_pikel, uniq_sigmund
D:7:      layout_cave_pods, serial_shops, shop
D:8:      layout_basic, nicolae_tso_carved_into_rock, nrook_uturn
Temple:   jpeg_temple_island

Skill      XL: |  1  2  3  4  5  6  7  8  9 10 |
---------------+-------------------------------+-----
Conjurations   | 2 3 4 5 7 8 10 | 10.5
Fire Magic     | 4 5 6 8 9 |  9.5
Spellcasting   | 3 4 5 |  5.4
Fighting       | 1 3 4 |  4.4
Shields        | 2 3 |  3.1
Dodging        | |  2.1
Stealth        | |  2.0

Action                   |  1- 3 |  4- 6 |  7- 9 | 10-12 || total
-------------------------+-------+-------+-------+-------++-------
Melee: Unarmed           |    19 |       |       |       ||    19
       Peck              |     2 |       |     4 |       ||     6
       Mace              |       |     1 |     3 |       ||     4
       Kick              |       |       |     9 |       ||     9
       Trident           |       |       |    62 |       ||    62
 Cast: Foxfire           |    67 |   146 |   205 |    21 ||   439
 Abil: Fly               |       |     1 |       |       ||     1
  Use: Scroll            |       |       |     9 |       ||     9
       Potion            |       |       |     2 |     9 ||    11
Armor: Robe              |     7 |     3 |    22 |     2 ||    34
       Skin              |       |       |       |     2 ||     2
Dodge: Dodged            |    25 |    44 |   101 |    15 ||   185

Table legend: (Time is in decaauts)
 A = Elapsed time spent in this place.
 B = Non-inter-level travel time spent in this place.
 C = Inter-level travel time spent in this place.
 D = Time resting spent in this place.
 E = Time spent auto-exploring this place.
 F = Levels seen in this place.
 G = Mean time per level.
                   A        B        C        D        E       F      G
               +--------+--------+--------+--------+--------+-----+--------+
         Total |  11000 |  10583 |    417 |      0 |   8829 |   9 | 1222.2 |
       Dungeon |  10563 |  10148 |    415 |      0 |   8409 |   8 | 1320.4 |
        Temple |    437 |    435 |      2 |      0 |    420 |   1 |  437.0 |
               +--------+--------+--------+--------+--------+-----+--------+

Top non-repeatable levels by time:
     D:6: 2185 daAuts
     D:1: 2014 daAuts
     D:5: 1649 daAuts
     D:7: 1404 daAuts
     D:2: 1240 daAuts
     D:3: 974 daAuts
     D:4: 954 daAuts
  Temple: 437 daAuts
     D:8: 139 daAuts
